 Dungeon Crawl Stone Soup version 0.18.1-8-gdd0e5ea (console) character file.

6524 Ektor the Nimble (level 10, 0/91 HPs)
             Began as a Minotaur Berserker on May 27, 2016.
             Was an Elder of Trog.
             Slain by Liquid's ghost (27 damage)
             ... on level 12 of the Dungeon.
             The game lasted 02:28:09 (7268 turns).

Ektor the Nimble (Minotaur Berserker)               Turns: 7268, Time: 02:28:09

Health: 0/91       AC: 10    Str: 24    XL:     10   Next: 69%
Magic:  9/9        EV: 17    Int:  4    God:    Trog [****..]
Gold:   423        SH:  0    Dex: 13    Spells: 0 memorised, 9 levels left

rFire  . . .     SeeInvis .     D - +2 hand axe (elec)
rCold  . . .     Gourm    .     o - +4 ring mail
rNeg   . . .     Faith    .     (no shield)
rPois  +         Spirit   .     (helmet restricted)
rElec  .         Dismiss  .     (no cloak)
rCorr  .         Reflect  .     (no gloves)
SustAt .         Harm     .     (no boots)
MR     .....     Rnd*Rage +     (no amulet)
Stlth  +.........               B - +2 ring of dexterity
                                m - ring of poison resistance

@: exhausted, slowed, very slow, not resistant to hostile enchantments, very
unstealthy
A: retaliatory headbutt, horns 2, berserk 1, subdued magic 1
a: Berserk, Trog's Hand, Brothers in Arms, Burn Spellbooks, Renounce Religion


You were on level 12 of the Dungeon.
You worshipped Trog.
Trog was greatly pleased with you.
You were hungry.

You visited 2 branches of the dungeon, and saw 12 of its levels.

You collected 520 gold pieces.
You spent 97 gold pieces at shops.

Inventory:

Hand Weapons
 a - a +1 hand axe
 h - a +0 war axe
 j - a +0 war axe
 k - a +1 mace of protection
 n - a +4 flail of crushing
 p - a +0 hand axe
 x - a +0 giant spiked club
 z - a cursed -2 war axe
 D - a +2 hand axe of electrocution (weapon)
 H - a +0 hand axe
 I - a +0 hand axe
 T - a +0 hand axe
Missiles
 C - 16 poisoned needles (quivered)
 U - 3 poisoned tomahawks
Armour
 b - a +0 animal skin
 d - the +1 leather armour of the Game of Life {rC+}
   (You found it on level 4 of the Dungeon)

   It protects you from cold.
 l - a +0 leather armour
 o - a +4 ring mail (worn)
 r - a +0 ring mail
 A - a +0 ring mail
 F - a troll hide
 G - a +0 plate armour
 J - a +0 robe
 M - a +0 plate armour
Jewellery
 m - a ring of poison resistance (left hand)
 v - an uncursed ring of see invisible
 y - an uncursed ring of flight
 B - a +2 ring of dexterity (right hand)
Wands
 e - a wand of iceblast (8/15)
 t - a wand of teleportation (6/9)
 E - a wand of paralysis (7/24)
 K - a wand of slowing (22/48)
 R - a wand of flame (34/48)
Scrolls
 i - 2 scrolls of teleportation
 q - 4 scrolls of remove curse
 s - 2 scrolls of enchant armour
 u - 2 scrolls of amnesia
Potions
 f - 3 potions of curing
 N - 2 potions of agility
 S - a potion of mutation {unknown}
Comestibles
 c - 3 bread rations
 g - 2 fruits
 w - 2 meat rations
 O - 10 royal jellies
 P - a beef jerky
 Q - 5 chunks of flesh


   Skills:
 + Level 9.5 Fighting
 + Level 10.8 Axes
 + Level 8.2 Armour
 + Level 10.9 Dodging
 - Level 0.1 Stealth


You had 9 spell levels left.
You didn't know any spells.

Dungeon Overview and Level Annotations

Branches:
Dungeon (11/15)            Temple (0/1) D:4            Lair (0/8) D:10
    Orc (1/2) D:10

Altars:
Fedhas
Kikubaaqudgha
Okawaru
Vehumet
The Shining One

Shops:
D:5 [   D:8 =

Annotations:
D:1 exclusion: door
D:12 Liquid's ghost, adept FoAK


Innate Abilities, Weirdness & Mutations

You reflexively headbutt those who attack you in melee.
You have a pair of horns on your head.
You tend to lose your temper in combat.
Your spells are a little easier to cast, but a little less powerful.


Message History

Liquid's ghost is heavily damaged.
You hit Liquid's ghost but do no damage.
Liquid's ghost is heavily damaged.
Liquid's ghost hits you!
You hit Liquid's ghost but do no damage.
You headbutt Liquid's ghost, but do no damage.
Liquid's ghost is heavily damaged.
You feel a strong urge to attack something.
You are no longer berserk.
You are exhausted.
You feel yourself slow down.
You are feeling hungry.
Drink which item? (? for menu, Esc to quit)
You feel much better. Liquid's ghost hits you!!
* * * LOW HITPOINT WARNING * * *
You hit Liquid's ghost but do no damage.
Your headbutt misses Liquid's ghost.
Liquid's ghost is moderately damaged.
Liquid's ghost hits you!!
You die...

.....# #.....# .....#
##รทรท...####.# .....#
#...........# ....W###
#......###### .......#
#......# ....##.## #......#
....#...# #...(..####
....#...##########.#.........
....#...'......W@..#.########
....#...############.#
##'##...# #.#
#(##..)############.#
#...).).)....(....#.#
#################.#.# #.# #.#


You could see Liquid's ghost.

Vanquished Creatures
  A hill giant (D:10)
  2 trolls
  A slime creature (D:9)
  4 yaks (D:12)
  2 hippogriffs (D:10)
  2 wargs
  Edmund (D:5)
  2 orc warriors
  2 ice beasts
  3 sky beasts
  2 phantoms
  A necrophage (D:6)
  7 ogres
  4 centaurs
  2 crocodiles
  3 giant frogs
  A wyvern skeleton (D:12)
  3 scorpions
  10 killer bees
  5 wights (D:9)
  A crimson imp (D:9)
  4 jellies (D:10)
  2 centaur zombies
  2 gnoll shamans
  2 giant frog skeletons (D:5)
  4 hounds
  2 orc priests (D:10)
  A centaur skeleton (D:9)
  6 orc wizards
  3 iguanas
  Crazy Yiuf (D:4)
  4 worker ants
  3 hound skeletons
  A hound zombie (D:11)
  8 adders
  10 gnolls
  2 shadow imps
  5 oozes (D:10)
  2 worms
  An adder skeleton (D:10)
  A dart slug (D:4)
  A giant gecko (D:1)
  19 orcs
  A giant cockroach (D:4)
  6 goblins
  3 hobgoblins (D:1)
  9 jackals
  3 kobolds
  3 ball pythons (D:1)
  7 bats
  3 giant newts
  A jackal skeleton (D:4)
  4 rats
183 creatures vanquished.

Vanquished Creatures (collateral kills)
  2 yaks (D:12)
2 creatures vanquished.

Grand Total: 185 creatures vanquished

Notes
Turn   | Place    | Note
--------------------------------------------------------------
     0 | D:1      | Ektor the Minotaur Berserker began the quest for the Orb.
     0 | D:1      | Reached XP level 1. HP: 19/19 MP: 0/0
     3 | D:1      | Noticed an electric eel
     3 | D:1      | Noticed an electric eel
   299 | D:1      | Reached XP level 2. HP: 26/27 MP: 1/1
  1066 | D:1      | Reached ** piety under Trog
  1169 | D:2      | Reached XP level 3. HP: 34/34 MP: 2/2
  1290 | D:3      | Found a radiant altar of Vehumet.
  1290 | D:3      | Found a glowing golden altar of the Shining One.
  1384 | D:3      | Reached XP level 4. HP: 41/41 MP: 3/3
  1452 | D:3      | Reached skill level 5 in Fighting
  1465 | D:3      | Found a faded altar to an unknown god.
  1532 | D:4      | Noticed Crazy Yiuf
  1540 | D:4      | Killed Crazy Yiuf
  1540 | D:4      | Reached XP level 5. HP: 44/48 MP: 4/4
  1643 | D:4      | Reached skill level 5 in Axes
  1653 | D:4      | Found an iron altar of Okawaru.
  1915 | D:4      | Found a staircase to the Ecumenical Temple.
  2034 | D:4      | Got a pitted leather armour
  2045 | D:4      | Identified the +1 leather armour of the Game of Life {rC+} (You found it on level 4 of the Dungeon)
  2200 | D:5      | Entered Level 5 of the Dungeon
  2244 | D:5      | Noticed a phantom
  2261 | D:5      | Reached XP level 6. HP: 56/56 MP: 5/5
  2265 | D:5      | Reached skill level 5 in Dodging
  2371 | D:5      | Noticed Edmund
  2395 | D:5      | Killed Edmund
  2395 | D:5      | Reached XP level 7. HP: 31/62 MP: 6/6
  2653 | D:5      | Found Renex's Antique Armour Emporium.
  2758 | D:5      | Reached *** piety under Trog
  3141 | D:5      | Reached XP level 8. HP: 49/71 MP: 7/7
  3252 | D:5      | Gained mutation: Your spells are a little easier to cast, but a little less powerful. [mutagenic meat]
  3253 | D:5      | Gained mutation: You tend to lose your temper in combat. [mutagenic meat]
  3545 | D:6      | You fall through a shaft for 2 floors!
  3583 | D:8      | Identified a scroll of acquirement
  3764 | D:8      | Reached skill level 5 in Armour
  3809 | D:8      | Found Dothrol's Jewellery Boutique.
  3836 | D:8      | Bought a +2 ring of dexterity for 97 gold pieces
  4585 | D:9      | Found a blossoming altar of Fedhas.
  4607 | D:9      | Reached XP level 9. HP: 73/78 MP: 8/8
  4901 | D:9      | Noticed a troll
  4907 | D:9      | Killed a troll
  5195 | D:9      | Found an ancient bone altar of Kikubaaqudgha.
  5289 | D:9      | Reached **** piety under Trog
  5871 | D:10     | Entered Level 10 of the Dungeon
  5903 | D:10     | Found a staircase to the Lair.
  5921 | D:10     | Received a gift from Trog
  6110 | D:10     | Reached XP level 10. HP: 90/90 MP: 9/9
  6118 | D:10     | Found a staircase to the Orcish Mines.
  6224 | D:10     | Reached skill level 10 in Dodging
  6315 | D:10     | Noticed a hill giant
  6325 | D:10     | Killed a hill giant
  6325 | D:10     | Reached skill level 10 in Axes
  6668 | Orc:1    | Entered Level 1 of the Orcish Mines
  6978 | D:11     | You fall through a shaft!
  7227 | D:12     | Noticed Liquid's ghost (adept FoAK)
  7268 | D:12     | Slain by Liquid's ghost

Skill      XL: |  1  2  3  4  5  6  7  8  9 10 |
---------------+-------------------------------+-----
Fighting       | 4 5 6 7 8 9 |  9.5
Axes           | 4 5 6 8 9 10 | 10.8
Dodging        | 3 4 6 7 8 9 10 | 10.9
Armour         | 3 5 7 8 |  8.2
Stealth        | |  0.1

Action                   |  1- 3 |  4- 6 |  7- 9 | 10-12 || total
-------------------------+-------+-------+-------+-------++-------
Melee: Hand axe          |    52 |    63 |   280 |   111 ||   506
       Headbutt          |     6 |    14 |    63 |    28 ||   111
Invok: Berserk           |     1 |     3 |     8 |     2 ||    14
       Trog's Hand       |       |       |     1 |     1 ||     2
       Brothers in Arms  |       |       |       |     1 ||     1
  Use: Scroll            |     5 |     4 |     7 |     3 ||    19
       Potion            |     3 |     1 |     2 |     1 ||     7
 Stab: Sleeping          |     1 |     1 |       |       ||     2
  Eat: Pizza             |     1 |       |     1 |       ||     2
       Chunk             |     1 |     6 |     5 |     4 ||    16
       Bread ration      |       |       |     2 |       ||     2
       Fruit             |       |       |     2 |       ||     2
       Meat ration       |       |       |     2 |       ||     2
Armor: Animal skin       |    17 |     2 |       |       ||    19
       Leather armour    |       |     7 |       |       ||     7
       Ring mail         |       |       |    76 |    29 ||   105
Dodge: Dodged            |    38 |    37 |   196 |    69 ||   340
